 Dungeon Crawl Stone Soup version 0.02-100-gc9e1e00884 (webtiles) character file.

Game seed: 11029413470121364053, levelgen mode: deterministic

99 Borgoz the Whippersnapper (level 4, -7/28 HPs) Gargoyle Gladiator. Began on Sept 16, 2020. Splashed by a jelly's acid (9 damage) ... on level 2 of the Dungeon. The game lasted 00:02:56 (1050 turns).

Borgoz the Whippersnapper (Gargoyle Gladiator)      Turns: 1050, Time: 00:02:56

Health: -7/28      AC:  7    Str: 18    XL:     4 ^: 23
Magic:  5/5        EV: 12    Int:  9    God:
Gold:   56         SH:  0    Dex: 11    Spells: 3/3 levels left

rFire    . . .     Vision   .   a - +0 flail
rCold    . . .     Gourm    .   (no weapon)
rNeg     + . .     Faith    .   b - +0 leather armour
rPois    ∞         Spirit   .   c - +0 helmet
rElec    +         Reflect  .   (no cloak)
rCorr    .         Harm     .   (no gloves)
MR       .....                  (no boots)
Stlth    +.........             (no amulet)
HPRegen  0.19/turn              (no ring)
MPRegen  0.15/turn              (no ring)

@: no status effects
A: negative energy resistance 1, electricity resistance, unbreathing,
petrification resistance, rot immunity, AC +3
a: no special abilities


You were on level 2 of the Dungeon.
You were hungry.

You visited 1 branch of the dungeon, and saw 2 of its levels.

You collected 56 gold pieces.

Inventory:

Weapons
 a - a +0 flail (weapon)
Armour
 b - a +0 leather armour (worn)
 c - a +0 helmet (worn)
Wands
 d - a wand of ensnaring (9)
Scrolls
 j - a scroll of magic mapping
Potions
 g - 2 potions of mutation
Comestibles
 f - 6 rations


   Skills:
 * Level 3.3 Fighting
 * Level 3.8 Whips & Flails
 * Level 2.1 Armour
 + Level 2.8 Dodging
 - Level 1.7 Evocations


You had 3 spell levels left.
You didn't know any spells.
Your spell library was empty.

Dungeon Overview and Level Annotations

Branches:
Dungeon (2/8)

Altars:


Innate Abilities, Weirdness & Mutations

You are resistant to torment.
Your stone body is resilient. (AC +3)
You are immune to poison.
You resist negative energy. (rN+)
You are resistant to electric shocks. (rElec)
You can survive without breathing.
You are immune to petrification.
You are immune to rotting.


Message History

The jelly is heavily wounded. (8/15) HP The jelly hits you but does no damage.
Your unstable footing causes you to fumble your attack.
You hit the jelly (1).
Your hands burn!
The jelly is heavily wounded. (7/15) HP The jelly hits you (1).
You are splashed with acid (8)!
You are too injured to fight recklessly!
You are too injured to fight recklessly!
You are too injured to fight recklessly!
The jelly barely misses you (0).
You hit the jelly (2).
Your hands burn!
* * * LOW HITPOINT WARNING * * *
The jelly is severely wounded. (5/15) HP You hit the jelly (1).
Your hands burn!
* * * LOW HITPOINT WARNING * * *
The jelly is severely wounded. (4/15) HP The jelly hits you (1).
* * * LOW HITPOINT WARNING * * *
You are splashed with acid (9)!
You die...

#..≈.≈≈≈≈≈≈....##
##....≈≈≈≈≈...≈##
##≈.≈#.≈≈≈≈.≈.#≈##
##...≈#..≈≈≈)≈.#≈≈#
##.≈..##bPP≈≈≈b.#≈.#
##.....##.≈≈P≈≈≈≈..##
#.......#..≈P≈<≈.###
#≈.....≈#.≈P≈P...#
##......#..J@..≈.#
##≈...≈..≈.≈≈≈≈≈#
#.....#.≈..≈≈≈≈#
##...≈##.≈≈..≈≈≈#
#.....##.P≈≈≈≈≈≈#
#≈....##.PP≈≈≈≈≈#
##....##.≈≈≈P≈P..
##≈..K#≈≈≈≈≈≈≈...
##..J†K≈≈≈≈≈≈.


You could see a jelly.

Vanquished Creatures
  A bullfrog (D:2)
  A cinder newt (D:1)
  3 leopard geckos (D:1)
  A giant cockroach (D:1)
  A hobgoblin (D:1)
  5 bats (D:1)
  A bat skeleton (D:2)
  4 goblins (D:1)
  8 kobolds
  5 rats (D:1)
30 creatures vanquished.

Vanquished Creatures (others)
  10 withered plants (D:2)
10 creatures vanquished.

Grand Total: 40 creatures vanquished

Notes
Turn   | Place    | Note
-------+----------+-------------------------------------------
     0 | D:1      | Borgoz the Gargoyle Gladiator began the quest for the Orb.
     0 | D:1      | Reached XP level 1. HP: 12/12 MP: 2/2
   173 | D:1      | Reached XP level 2. HP: 18/18 MP: 3/3
   220 | D:1      | Reached skill level 1 in Armour
   583 | D:1      | Reached XP level 3. HP: 19/22 MP: 4/4
   888 | D:2      | Noticed a bullfrog
   901 | D:2      | Killed a bullfrog
   901 | D:2      | Reached XP level 4. HP: 19/28 MP: 5/5
  1050 | D:2      | Splashed by a jelly's acid

Levels and vault maps discovered:
D:1:      matt_arrival_spirals, layout_loops_ring, first_ration
D:2:      layout_sewer, basic_altar, serial_shops, kennysheep_mini

Skill      XL: |  1  2  3 |
---------------+----------+-----
Armour         | 1 2 |  2.1
Fighting       | 3 |  3.3
Whips & Flails | |  3.8
Dodging        | |  2.8
Evocations     | |  1.7

Action                   |  1- 3 |  4- 6 || total
-------------------------+-------+-------++-------
Melee: Flail             |    56 |     9 ||    65
       Unarmed           |    32 |     7 ||    39
  Use: Scroll            |       |     1 ||     1
       Potion            |       |     1 ||     1
Armor: Leather armour    |    16 |     4 ||    20
Dodge: Dodged            |    49 |     3 ||    52
